 Dungeon Crawl Stone Soup version 0.30-a0-778-g2ef04afb54 (webtiles) character file.

Game seed: 10046345143032558482

4 Smoke131 the Chopper (level 1, 19/22 HPs)
             Began as an Ogre Gladiator on Feb 16, 2023.
             Quit the game on level 1 of the Dungeon.
             The game lasted 00:00:46 (119 turns).

Smoke131 the Chopper (Ogre Gladiator)                Turns: 119, Time: 00:00:46

Health: 19/22      AC:  3    Str: 17    XL:     1   Next: 70%
Magic:  1/1        EV: 10    Int:  9    God:
Gold:   9          SH:  0    Dex: 10    Spells: 0/0 levels left

rFire   . . .      SeeInvis .    a - +0 war axe
rCold   . . .      Faith    .    (no shield)
rNeg    . . .      Spirit   .    b - +0 robe
rPois   .          Reflect  .    c - +0 hat
rElec   .          Harm     .    (no cloak)
rCorr   .          Rampage  .    (gloves unavailable)
Will    .....                    (boots unavailable)
Stlth   +                        (no amulet)
HPRegen 0.23/turn                (no ring)
MPRegen 0.07/turn                (no ring)

@: no status effects
A: large, unfitting armour, tough skin 1
a: no special abilities


You were on level 1 of the Dungeon.
You visited 1 branch of the dungeon, and saw 1 of its levels.

You collected 9 gold pieces.

Inventory:

Hand Weapons
 a - a +0 war axe (weapon)
Missiles
 d - 3 throwing nets (quivered)
 e - a large rock
Armour
 b - a +0 robe (worn)
 c - a +0 hat (worn)


   Skills:
 + Level 2.9 Fighting
 - Level 3.0 Axes
 + Level 2.1 Throwing
 + Level 2.8 Dodging


You couldn't memorise any spells.
You didn't know any spells.
Your spell library was empty.

Dungeon Overview and Level Annotations

Branches:
Dungeon (1/15)

Altars:


Innate Abilities, Weirdness & Mutations

You are too large for most types of armour.
You have tough skin. (AC +1)


Message History

You see here a hobgoblin corpse.
A frilled lizard comes into view.
You slash the frilled lizard!
You kill the frilled lizard!
You see here a frilled lizard corpse.
A ball python comes into view.
The ball python hisses angrily.
You completely miss the ball python. The ball python barely misses you.
The ball python bites you but does no damage.
You closely miss the ball python. The ball python misses you.
You slash the ball python!
You kill the ball python!
You see here a ball python corpse.
You now have 9 gold pieces.
A rat comes into view.
The rat bites you.
You barely miss the rat. The rat barely misses you. The rat misses you.
You hit the rat.
You kill the rat!
You see here a rat corpse.
A frilled lizard comes into view.
A frilled lizard is nearby!
The frilled lizard bites you but does no damage.
You miss the frilled lizard. The frilled lizard bites you.
You barely miss the frilled lizard. The frilled lizard closely misses you.
The frilled lizard bites you but does no damage.
You completely miss the frilled lizard. The frilled lizard bites you.
You barely miss the frilled lizard. The frilled lizard closely misses you.
You closely miss the frilled lizard. The frilled lizard bites you.
The frilled lizard barely misses you.
You closely miss the frilled lizard. The frilled lizard misses you.
You closely miss the frilled lizard.
The frilled lizard barely misses you. x2
You miss the frilled lizard. The frilled lizard closely misses you.
You miss the frilled lizard.
The frilled lizard bites you but does no damage.
You hit the frilled lizard.
You kill the frilled lizard!
Welcome back, Smoke131 the Ogre Gladiator.
Press ? for a list of commands and other information.
Are you sure you want to abandon this character and quit the game? (Confirm with "yes".)

.## .# ## ...# ..#
#^.####..#
....##..#
#########...##..
#...†........##.
###.#.##..#.....##
#.....##..#.##...#
#@#.#.#.....###...
#.#.#.#.##..#####.
....#.#.......# #.
#..###.##...##.#
#. ....
#......##.# #.
###.# ######....#
#. #.# ###### ##
#.#


There were no monsters in sight!

Vanquished Creatures
  A ball python (D:1)
  A hobgoblin (D:1)
  2 frilled lizards (D:1)
  A rat (D:1)
5 creatures vanquished.

Notes
Turn   | Place    | Note
-------+----------+-------------------------------------------
     0 | D:1      | Smoke131 the Ogre Gladiator began the quest for the Orb.
     0 | D:1      | Reached XP level 1. HP: 22/22 MP: 1/1
   119 | D:1      | Quit the game

Illustrated notes

Levels and vault maps discovered:
D:1:      dpeg_chamrin_arrival_tetris, layout_basic, st_stairs_11,
          nicolae_kite_square_tiling_tiny, columned_hall_lemuel

Action                     || total
---------------------------++-------
  Melee: War axe           ||    17
 Armour: Robe              ||     6
  Dodge: Dodged            ||    11

Table legend: (Time is in decaauts)
 A = Elapsed time spent in this place.
 B = Non-inter-level travel time spent in this place.
 C = Inter-level travel time spent in this place.
 D = Time resting spent in this place.
 E = Time spent auto-exploring this place.
 F = Levels seen in this place.
 G = Mean time per level.
                   A        B        C        D        E       F      G
               +--------+--------+--------+--------+--------+-----+--------+
         Total |    125 |    125 |      0 |      0 |     76 |   1 |  125.0 |
       Dungeon |    125 |    125 |      0 |      0 |     76 |   1 |  125.0 |
               +--------+--------+--------+--------+--------+-----+--------+

Top non-repeatable levels by time:
     D:1: 125 daAuts
